 Dungeon Crawl Stone Soup version 0.29.1-12-g30fa7ad0bf (webtiles) character file.

Game seed: 3858390551677840255

8859 kingofthe the Nimble (level 11, -5/95 HPs)
             Began as a Minotaur Fighter on Jan 14, 2023.
             Was an Initiate of Yredelemnul.
             Slain by a freezing wraith (23 damage)
             ... on level 9 of the Dungeon on Jan 15, 2023.
             The game lasted 00:48:25 (9974 turns).

kingofthe the Nimble (Minotaur Fighter)             Turns: 9974, Time: 00:48:28

Health: -5/95      AC: 11    Str: 22    XL:     11   Next: 15%
Magic:  10/10      EV: 13    Int:  5    God:    Yredelemnul [......]
Gold:   252        SH:  5    Dex: 13    Spells: 10/10 levels left

rFire   . . .      SeeInvis .   b - +4 hand axe (freeze)
rCold   . . .      Faith    .   c - +0 buckler
rNeg    . . .      Spirit   .   g - +0 scale mail
rPois   .          Reflect  .   (helmet restricted)
rElec   .          Harm     .   O - scarf {repulsion}
rCorr   +          Rampage  .   R - +0 pair of gloves
Will    .....                   L - +0 pair of boots
Stlth   +.........              G - amulet of regeneration
HPRegen 1.05/turn               J - ring of resist corrosion
MPRegen 0.12/turn               (no ring)

@: repel missiles
A: horns 2, retaliatory headbutt
a: Renounce Religion, Recall Undead Harvest


You were on level 9 of the Dungeon.
You worshipped Yredelemnul.
Yredelemnul was noncommittal.
You visited 2 branches of the dungeon, and saw 10 of its levels.

You collected 406 gold pieces.
You spent 154 gold pieces at shops.

Inventory:

Hand Weapons
 a - a +4 spear
 b - a +4 hand axe of freezing (weapon)
 I - a +2 halberd of venom
 W - a +4 dire flail of freezing
 Y - a +4 battleaxe of freezing
 Z - a +1 short sword of venom
Missiles
 e - 115 stones (quivered)
Armour
 c - a +0 buckler (worn)
 g - a +0 scale mail (worn)
 L - a +0 pair of boots (worn)
 O - a scarf of repulsion (worn)
 R - a +0 pair of gloves (worn)
Magical Staves
 E - a staff of death
 H - a staff of poison
Jewellery
 G - an amulet of regeneration (around neck)
 J - a ring of resist corrosion (left hand)
Wands
 y - a wand of quicksilver (18)
 B - a wand of polymorph (2)
 C - a wand of digging (5)
 D - a wand of roots (11)
 S - a wand of flame (36)
Scrolls
 f - a scroll of summoning {unknown}
 h - a scroll of enchant armour {unknown}
 j - a scroll of teleportation {unknown}
 k - 7 scrolls of identify
 m - a scroll of enchant weapon {unknown}
 n - 3 scrolls of poison
 p - a scroll of immolation {unknown}
 q - 3 scrolls of vulnerability {unknown}
 r - a scroll of butterflies {unknown}
 s - 2 scrolls of blinking {unknown}
 t - 5 scrolls of noise {unknown}
 u - a scroll of amnesia {unknown}
 w - 2 scrolls of fear {unknown}
 x - a scroll of silence {unknown}
 P - a scroll of brand weapon {unknown}
Potions
 d - 4 potions of might
 i - a potion of magic {unknown}
 o - 2 potions of attraction
 v - a potion of resistance {unknown}
 z - 2 potions of mutation {unknown}
 A - 2 potions of lignification
 F - 2 potions of curing
 K - a potion of berserk rage {unknown}
 M - a potion of haste
 N - 2 potions of flight {unknown}
 Q - 2 potions of brilliance {unknown}
 T - a potion of heal wounds


   Skills:
 + Level 8.4 Fighting
 - Level 8.8(10.2) Axes
 * Level 8.2(9.9) Polearms
 + Level 9.4 Armour
 + Level 9.7 Dodging
 - Level 4.0 Stealth
 - Level 6.0 Shields


You had 10 spell levels left.
You didn't know any spells.
Your spell library contained the following spells:

 Spells                   Type           Power      Damage    Failure   Level
 Beastly Appendage        Tmut           0%         N/A       83%         1
 Ensorcelled Hibernation  Hex/Ice        0%         N/A       93%         2
 Sublimation of Blood     Necr           0%         N/A       93%         2
 Wereblood                Tmut           0%         N/A       93%         2
 Spider Form              Tmut/Pois      0%         N/A       99%         3
 Anguish                  Hex/Necr       0%         N/A       100%        4
 Summon Hydra             Summ           0%         N/A       100%        7


Dungeon Overview and Level Annotations

Branches:
Dungeon (9/15)             Temple (1/1) D:5
   Lair: D:8-11         Orc: D:9-12

Altars:
Ashenzari
Cheibriados
Dithmenos
Elyvilon
Fedhas
Gozag
Makhleb
Nemelex Xobeh
Okawaru
Qazlal
Sif Muna
Trog
Uskayaw
Vehumet
Wu Jian
Yredelemnul
Zin
The Shining One

Shops:
D:2 *   D:3 :!

Annotations:
D:7 exclusion: zombie


Innate Abilities, Weirdness & Mutations

You have a pair of horns on your head.
You reflexively headbutt those who attack you in melee.


Message History

You hit the centaur. You freeze the centaur. You headbutt the centaur.
You kill the centaur!
You hit the freezing wraith but do no damage.
You hit the yak. You freeze the yak. You block the yak's attack.
The freezing wraith hits you! The freezing wraith freezes you!
The freezing wraith barely misses you.
The yak bellows!
You barely miss the yak. You hit the yak. You freeze the yak.
You hit the freezing wraith.
The freezing wraith hits you but does no damage. x2
The yak completely misses you. You block the yak's attack.
You closely miss the yak.
You hit the freezing wraith but do no damage.
You hit the yak. You freeze the yak. The yak closely misses you.
You furiously retaliate!
You headbutt the yak. The yak gores you. The freezing wraith barely misses you.
You furiously retaliate!
You headbutt the freezing wraith, but do no damage.
The freezing wraith barely misses you.
You barely miss the yak. You headbutt the yak, but do no damage.
You barely miss the freezing wraith. You hit the yak. You freeze the yak.
You kill the yak!
You slash the yak! You freeze the yak.
The yak is moderately wounded.
You hit the freezing wraith but do no damage.
The freezing wraith hits you but does no damage. x2
The yak gores you!
* * * LOW HITPOINT WARNING * * *
You block the yak's attack. The freezing wraith barely misses you.
The freezing wraith closely misses you. The yak gores you but does no damage.
Things that are here:
a +0 war axe; a +0 shortbow; a scroll of identify You slash the freezing wraith!
The freezing wraith is moderately damaged.
You barely miss the yak. You hit the yak. You freeze the yak. You hit the yak.
You freeze the yak. The yak misses you. You furiously retaliate!
You headbutt the yak. The freezing wraith hits you.
* * * LOW HITPOINT WARNING * * *
The freezing wraith freezes you!!
You die...
Your body rises from the dead as a mindless zombie.

....Y .#. #...# # .P.♣ ...
....# # ...P #.# ... # ... #.#
... # ##YP #.### ### #.# # ..#
#...# #.# #.# # #Y# ###
#...###.#####.####
####Y##...###.Y...............
#...Y...#..#Y@W..#..#####.####
#....Y.......Y................
#........#####.#########.#####
#.<......# #.... #. ########.#
#...### #. .#.#..## .# .#.##c
# #########... #.........#


You could see a freezing wraith and 3 yaks.

Vanquished Creatures
  2 two-headed ogres
  2 manticores
  Psyche (D:8)
  Sigmund (D:3)
  A shadow (D:9)
  3 wyverns
  6 yaks
  A wraith (D:8)
  4 water moccasins
  Duvessa (D:7)
  3 orc warriors
  2 ice beasts
  A sky beast (D:7)
  2 centaurs
  2 bullfrogs (D:7)
  2 necrophages
  2 scorpions (D:5)
  10 wights (D:8)
  Dowan (D:7)
  4 killer bees
  A howler monkey (D:5)
  A bullfrog zombie (D:7)
  2 hounds
  3 jellies
  5 orc priests
  Ijyb (D:3)
  Natasha (thrice) (D:3)
  4 iguanas
  6 orc wizards
  9 adders
  3 gnolls (D:4)
  A shadow imp (D:6)
  3 white imps
  3 worms
  2 dart slugs (D:1)
  32 orcs
  6 ball pythons
  7 bats
  5 endoplasms
  3 giant cockroaches
  9 goblins
  9 hobgoblins
  6 jackals (D:4)
  3 kobolds
  2 quokkas (D:1)
  2 frilled lizards (D:1)
  6 rats
188 creatures vanquished.

Vanquished Creatures (collateral kills)
  Gastronok (D:9)
  A kobold demonologist (D:9)
  An orc warrior (D:7)
  A bullfrog (D:8)
  A wight (D:9)
  5 orcs
10 creatures vanquished.

Vanquished Creatures (others)
  A bullfrog (D:9)
  A yak zombie (D:9)
  A kobold zombie (D:9)
  A killer bee zombie (D:9)
  An elf zombie (D:7)
  18 orc zombies
  3 fungi (D:9)
  9 plants (D:9)
35 creatures vanquished.

Grand Total: 233 creatures vanquished

Notes
Turn   | Place    | Note
-------+----------+-------------------------------------------
     0 | D:1      | kingofthe the Minotaur Fighter began the quest for the Orb.
     0 | D:1      | Reached XP level 1. HP: 19/19 MP: 0/0
   166 | D:1      | Reached XP level 2. HP: 27/27 MP: 1/1
   255 | D:1      | Found a faded altar of an unknown god.
   695 | D:1      | Reached XP level 3. HP: 33/33 MP: 2/2
  1200 | D:2      | Reached skill level 1 in Dodging
  1439 | D:2      | Found Okynlyips's Assorted Antiques.
  1840 | D:3      | Found Ypifuga's Distillery.
  1843 | D:3      | Reached XP level 4. HP: 40/40 MP: 3/3
  1858 | D:3      | Bought a potion of degeneration for 14 gold pieces
  2130 | D:3      | Found Lolae's Book Boutique.
  2158 | D:3      | Noticed Sigmund
  2287 | D:3      | Killed Sigmund
  2288 | D:3      | Reached XP level 5. HP: 26/47 MP: 4/4
  2463 | D:3      | Noticed Natasha
  2470 | D:3      | Killed Natasha
  2471 | D:3      | Reached XP level 6. HP: 51/55 MP: 5/5
  2529 | D:3      | Noticed Natasha
  2538 | D:3      | Killed Natasha
  2539 | D:3      | Reached skill level 5 in Fighting
  2539 | D:3      | Reached skill level 5 in Shields
  2708 | D:3      | Noticed Natasha
  2743 | D:3      | Killed Natasha
  3036 | D:3      | Noticed Ijyb
  3046 | D:3      | Killed Ijyb
  3209 | D:4      | Noticed a wyvern
  3344 | D:3      | Reached XP level 7. HP: 47/61 MP: 6/6
  3510 | D:4      | HP: 1/61 [gnoll/+0 halberd (6)]
  3852 | D:3      | Killed a wyvern
  3853 | D:3      | Reached skill level 5 in Polearms
  3853 | D:3      | Reached skill level 5 in Dodging
  4499 | D:5      | Entered Level 5 of the Dungeon
  4595 | D:5      | Found a staircase to the Ecumenical Temple.
  4605 | Temple   | Entered the Ecumenical Temple
  4622 | Temple   | Became a worshipper of Yredelemnul the Dark
  5160 | D:5      | Reached skill level 1 in Stealth
  5331 | D:5      | Found a glowing silver altar of Zin.
  5342 | D:5      | Reached * piety under Yredelemnul
  5343 | D:5      | Reached XP level 8. HP: 70/70 MP: 7/7
  5348 | D:5      | Found a glowing golden altar of the Shining One.
  5824 | D:6      | Reached skill level 5 in Armour
  6546 | D:7      | Noticed Dowan
  6548 | D:7      | Noticed Duvessa
  6559 | D:7      | Killed Duvessa
  6568 | D:7      | Your ally Duvessa died
  6574 | D:7      | Killed Dowan
  6789 | D:7      | Reached XP level 9. HP: 78/79 MP: 8/8
  6965 | D:7      | HP: 3/118 [orc warrior/+0 mace (6)]
  6969 | D:7      | Reached ** piety under Yredelemnul
  7091 | D:7      | Found a shimmering blue altar of Sif Muna.
  7306 | D:8      | Noticed Psyche
  7482 | D:3      | Bought a potion of heal wounds for 70 gold pieces
  7482 | D:3      | Bought a potion of heal wounds for 70 gold pieces
  8470 | D:8      | Reached skill level 1 in Axes
  8506 | D:8      | Noticed a two-headed ogre
  8525 | D:8      | Killed a two-headed ogre
  8838 | D:8      | Killed Psyche
  8839 | D:8      | Reached XP level 10. HP: 58/88 MP: 9/9
  8972 | D:9      | Noticed a manticore
  8972 | D:9      | Noticed a boulder beetle
  9059 | D:8      | Reached skill level 5 in Axes
  9291 | D:9      | Noticed Gastronok
  9295 | D:9      | Noticed a two-headed ogre
  9301 | D:9      | Killed a two-headed ogre
  9315 | D:9      | Killed Gastronok
  9329 | D:9      | Identified the amulet of Wusen {Reflect Rampage rPois Str+4
                  | SH+5}
  9329 | D:9      | Noticed a deep elf zephyrmancer
  9331 | D:9      | Noticed an orc sorcerer
  9435 | D:8      | Reached XP level 11. HP: 65/94 MP: 10/10
  9974 | D:9      | Slain by a freezing wraith

Illustrated notes

Levels and vault maps discovered:
D:1:      matt_arrival_los_fun, layout_loops_corners,
          shapermc_ecumenical_altar_venn
D:2:      layout_loops_ring, serial_shops, nicolae_shop_advertising_works
          [nicolae_subvault_shop_adworks], guppyfry_early_orc_mine
D:3:      layout_loops_ring, serial_shops, shop, shop, uniq_natasha, uniq_ijyb,
          uniq_sigmund
D:4:      layout_cave_pools, minmay_vboxes
D:5:      layout_basic, minitemple, minmay_temple_entry_slanted,
          minmay_liquid_box
D:6:      layout_loops_ring
D:7:      layout_loops_corners, led_sif_book, uniq_duvessa
D:8:      layout_loops_corners, special_room [special_room_orc], uniq_psyche
D:9:      minmay_the_grid_3x2 [minmay_the_grid_embedded,
          minmay_the_grid_minigrid_small, minmay_the_grid_tri_star,
          minmay_the_grid_fan, minmay_the_grid_empty,
          minmay_the_grid_prize_trominoes], layout_rooms,
          minmay_lair_entry_grove, hangedman_decor_lopped,
          lightli_corner_chamber, uniq_gastronok
Temple:   minmay_freezing_vapour_temple

Skill      XL: |  1  2  3  4  5  6  7  8  9 10 11 |
---------------+----------------------------------+-----
Fighting       | 4 5 6 7 8 |  8.4
Armour         | 4 5 7 9 |  9.4
Shields        | 4 5 6 |  6.0
Polearms       | 3 4 5 6 7 8 |  8.2
Dodging        | 1 3 4 5 6 8 9 |  9.7
Stealth        | 1 3 4 |  4.0
Axes           | 4 8 |  8.8

Action                   |  1- 3 |  4- 6 |  7- 9 | 10-12 || total
-------------------------+-------+-------+-------+-------++-------
Melee: Trident           |    78 |    67 |   228 |       ||   373
       Headbutt          |    10 |    13 |    80 |    34 ||   137
       Whip              |    12 |    37 |   146 |       ||   195
       Unarmed           |       |     5 |       |       ||     5
       Short sword       |       |       |    37 |       ||    37
       Hand axe          |       |       |    24 |   139 ||   163
       Spear             |       |       |     4 |    26 ||    30
  Use: Potion            |       |       |     6 |     2 ||     8
       Scroll            |       |       |     1 |       ||     1
 Stab: Confused          |       |     1 |       |       ||     1
       Distracted        |       |       |     1 |       ||     1
Armor: Scale mail        |    25 |    25 |   115 |    56 ||   221
       Skin              |       |     1 |     9 |       ||    10
Dodge: Dodged            |    30 |    30 |   154 |   111 ||   325
       Repelled          |       |       |     9 |     2 ||    11
Block: Buckler           |    17 |    15 |    89 |    32 ||   153
